 Seeded DCSS version 0.28-a0-410-gbef64dd269 (webtiles) character file.

Game seed: 11091976008765326960 (custom seed)

277 a11behringer the Slasher (level 6, -1/47 HPs)
             Began as a Formicid Fighter on Sept 6, 2021.
             Was an Initiate of Okawaru.
             Slain by a gnoll (10 damage)
             ... on level 5 of the Dungeon.
             The game lasted 00:15:16 (2862 turns).

a11behringer the Slasher (Formicid Fighter)         Turns: 2862, Time: 00:15:17

Health: -1/47      AC: 10    Str: 21    XL:     6   Next: 50%
Magic:  6/6        EV:  9    Int:  7    God:    Okawaru [......]
Gold:   121        SH:  4    Dex: 12    Spells: 5/5 levels left

rFire   . . .      SeeInvis +   a - +0 long sword
rCold   . . .      Faith    .   c - +0 buckler
rNeg    . . .      Spirit   .   b - +0 scale mail
rPois   .          Reflect  .   (helmet unavailable)
rElec   .          Harm     .   j - +2 cloak
rCorr   .          Rampage  .   (no gloves)
Will    .....                   (no boots)
Stlth   ..........              (no amulet)
HPRegen 0.15/turn               (no ring)
MPRegen 0.10/turn               (no ring)

@: no status effects
A: permanent stasis, dig shafts and tunnels, antennae 3, four strong arms
a: Dig, Shaft Self, Renounce Religion


You were on level 5 of the Dungeon.
You worshipped Okawaru.
Okawaru was noncommittal.
You visited 2 branches of the dungeon, and saw 5 of its levels.

You collected 121 gold pieces.

Inventory:

Hand Weapons
 a - a +0 long sword (weapon)
Armour
 b - a +0 scale mail (worn)
 c - a +0 buckler (worn)
 j - a +2 cloak (worn)
Wands
 n - a wand of iceblast (11)
Scrolls
 e - a scroll of vulnerability {unknown}
 f - 3 scrolls of immolation
Potions
 d - 3 potions of might
 g - a potion of ambrosia
 h - a potion of lignification {unknown}
 k - 2 potions of curing
 l - a potion of invisibility {unknown}
 m - 2 potions of degeneration


   Skills:
 - Level 3.2 Fighting
 * Level 6.4 Long Blades
 - Level 3.2 Armour
 - Level 3.6 Shields


You had 5 spell levels left.
You didn't know any spells.
Your spell library was empty.

Dungeon Overview and Level Annotations

Branches:
Dungeon (5/15)             Temple (1/1) D:5

Altars:
Elyvilon
Okawaru
Trog
Uskayaw


Innate Abilities, Weirdness & Mutations

You cannot be hasted, slowed, berserked, paralysed or teleported.
You can dig through walls and to a lower floor.
You have a pair of large antennae on your head. (SInv)
Your four strong arms can wield two-handed weapons with a shield.


Message History

You hit the gnoll.
The gnoll is lightly wounded.
You block the gnoll's attack. The gnoll hits you but does no damage.
The gnoll closely misses you.
You hit the gnoll.
The gnoll is moderately wounded.
You block the gnoll's attack.
The gnoll hits you from afar with a +1 halberd of protection.
The gnoll closely misses you.
You hit the gnoll.
The gnoll is heavily wounded.
The howler monkey hoots and howls with incredible vigour!
You block the gnoll's attack. The gnoll barely misses you.
You hear a shout!
You hit the gnoll.
The gnoll is severely wounded.
The gnoll hits you from afar with a +1 halberd of protection.
The gnoll hits you with a +0 flail.
You hit the gnoll.
You kill the gnoll!
Okawaru accepts your kill. The gnoll barely misses you.
You hit the howler monkey.
The howler monkey is lightly wounded.
The gnoll barely misses you. The howler monkey closely misses you.
You hit the howler monkey.
The howler monkey is moderately wounded.
The howler monkey barely misses you. The gnoll barely misses you.
You hit the howler monkey.
The howler monkey is heavily wounded.
The howler monkey hits you but does no damage.
The gnoll hits you but does no damage. The howler monkey hits you.
* * * LOW HITPOINT WARNING * * *
You slash the howler monkey!
You kill the howler monkey!
Okawaru accepts your kill.
The gnoll hits you from afar with a +1 halberd of protection.
* * * LOW HITPOINT WARNING * * *
The gnoll hits you with a +1 halberd of protection!
You die...

..'.......#
...
##.......#
#.......#
#......##
#......#
#......#
#......#
#.#####'###
#.....@g#
#########


You could see a gnoll.

Vanquished Creatures
  A gnoll sergeant (D:5)
  A howler monkey (D:5)
  A hound (D:5)
  Jessica (D:3)
  Terence (D:2)
  7 gnolls
  An adder (D:3)
  5 bats
  4 endoplasms (D:1)
  2 goblins
  4 hobgoblins (D:1)
  A kobold (D:1)
  A quokka (D:1)
  3 ball pythons
  2 frilled lizards (D:1)
  A rat (D:2)
36 creatures vanquished.

Notes
Turn   | Place    | Note
-------+----------+-------------------------------------------
     0 | D:1      | a11behringer the Formicid Fighter began the quest for the
                  | Orb.
     0 | D:1      | Reached XP level 1. HP: 18/18 MP: 1/1
   140 | D:1      | Reached XP level 2. HP: 24/24 MP: 2/2
   338 | D:1      | Reached skill level 3 in Long Blades
   602 | D:1      | Reached XP level 3. HP: 26/29 MP: 3/3
  1021 | D:1      | Found a faded altar of an unknown god.
  1231 | D:2      | Noticed Terence
  1247 | D:2      | Killed Terence
  1406 | D:2      | Reached skill level 4 in Long Blades
  1406 | D:2      | Reached XP level 4. HP: 14/35 MP: 4/4
  2274 | D:3      | Noticed Jessica
  2279 | D:3      | Killed Jessica
  2280 | D:3      | Reached XP level 5. HP: 38/41 MP: 5/5
  2284 | D:3      | Found a hide-covered altar of Uskayaw.
  2356 | D:3      | Found a white marble altar of Elyvilon.
  2356 | D:3      | Found a bloodstained altar of Trog.
  2414 | D:3      | Reached skill level 5 in Long Blades
  2448 | D:3      | You fall into a shaft and drop 2 floors!
  2448 | D:5      | Entered Level 5 of the Dungeon
  2467 | D:5      | Found a staircase to the Ecumenical Temple.
  2473 | Temple   | Entered the Ecumenical Temple
  2479 | Temple   | Became a worshipper of Warmaster Okawaru
  2847 | D:5      | Reached skill level 6 in Long Blades
  2847 | D:5      | Reached XP level 6. HP: 28/47 MP: 6/6
  2862 | D:5      | Slain by a gnoll

Illustrated notes

Levels and vault maps discovered:
D:1:      co_arrival_random_square_maze, layout_loops_corners,
          shapermc_ecumenical_altar_mp_vishouse, hangedman_decor_lopped
D:2:      layout_loops_cross, hex_tiny, minmay_tromino_v4_c, uniq_terence
D:3:      layout_loops_ring, nicolae_overflow_hidden_temple,
          amcnicky_altar_gilded, serial_bayou_lagoon_a, uniq_jessica,
          uniq_natasha
D:5:      layout_basic, pdpol_wu_jian_five_deadly_venoms,
          minmay_temple_entry_enclosed_plants
Temple:   dshaligram_water_room_temple

Skill      XL: |  1  2  3  4  5 |
---------------+----------------+-----
Long Blades    | 3 4 6 |  6.4
Fighting       | |  3.2
Armour         | |  3.2
Shields        | |  3.6

Action                   |  1- 3 |  4- 6 || total
-------------------------+-------+-------++-------
Melee: Long sword        |    91 |    82 ||   173
 Abil: Dig               |     3 |     2 ||     5
  Use: Scroll            |     3 |     4 ||     7
       Potion            |       |     1 ||     1
Armor: Scale mail        |    56 |    34 ||    90
Dodge: Dodged            |    48 |    47 ||    95
Block: Buckler           |    17 |    29 ||    46

Table legend: (Time is in decaauts)
 A = Elapsed time spent in this place.
 B = Non-inter-level travel time spent in this place.
 C = Inter-level travel time spent in this place.
 D = Time resting spent in this place.
 E = Time spent auto-exploring this place.
 F = Levels seen in this place.
 G = Mean time per level.
                   A        B        C        D        E       F      G
               +--------+--------+--------+--------+--------+-----+--------+
         Total |   2899 |   2438 |    461 |      0 |   1890 |   5 |  579.8 |
       Dungeon |   2886 |   2435 |    451 |      0 |   1890 |   4 |  721.5 |
        Temple |     12 |      2 |     10 |      0 |      0 |   1 |   12.0 |
               +--------+--------+--------+--------+--------+-----+--------+

Top non-repeatable levels by time:
     D:1: 1183 daAuts
     D:2: 1119 daAuts
     D:5: 408 daAuts
     D:3: 175 daAuts
  Temple: 12 daAuts
